 Dungeon Crawl Stone Soup version 0.21.1-72-gffa868e0fe (webtiles) character file.

12882 Osmon the Cleaver (level 11, -2/97 HPs)
             Began as a Minotaur Berserker on Aug 3, 2018.
             Was a Priest of Trog.
             Slain by Donald
             ... wielding a +1 vampiric scimitar
              (41 damage)
             ... on level 1 of the Shoals.
             The game lasted 01:30:53 (9426 turns).

Osmon the Cleaver (Minotaur Berserker)              Turns: 9426, Time: 01:30:54

Health: -2/97      AC:  8    Str: 22    XL:     11   Next: 68%
Magic:  10/10      EV: 14    Int:  4    God:    Trog [***...]
Gold:   456        SH: 17    Dex: 13    Spells: 10/10 levels left

rFire    . . .     SeeInvis .   a - +5 war axe
rCold    + . .     Gourm    .   c - +0 large shield
rNeg     . . .     Faith    .   N - +0 steam dragon scales
rPois    +         Spirit   .   (helmet restricted)
rElec    .         Reflect  .   q - +0 cloak
rCorr    .         Harm     .   (no gloves)
MR       .....                  T - +0 pair of boots
Stlth    ++........             (no amulet)
HPRegen  0.26/turn              r - ring of protection from cold
MPRegen  0.12/turn              z - ring of poison resistance

@: no status effects
A: retaliatory headbutt, horns 2, talons 1, sense surroundings 1, poison
resistance
a: Berserk, Trog's Hand, Burn Spellbooks, Renounce Religion


You were on level 1 of the Shoals.
You worshipped Trog.
Trog was most pleased with you.
You were hungry.

You visited 4 branches of the dungeon, and saw 13 of its levels.

You collected 456 gold pieces.

Inventory:

Hand Weapons
 a - a +5 war axe (weapon)
 b - a +0 hunting sling
 x - a +0 blowgun
 P - a +3 hand axe
Missiles
 h - 347 stones (quivered)
 m - 24 poisoned needles
 B - 18 sling bullets
 E - 8 needles of sleeping
 F - 7 steel javelins
 L - 7 needles of frenzy
Armour
 c - a +0 large shield (worn)
 q - a +0 cloak (worn)
 N - +0 steam dragon scales (worn)
 T - a +0 pair of boots (worn)
Jewellery
 r - a ring of protection from cold (left hand)
 s - an uncursed ring of magical power
 z - a ring of poison resistance (right hand)
 K - an uncursed ring of wizardry
 U - an uncursed ring of protection from fire
Wands
 v - a wand of random effects (63)
 y - a wand of iceblast (3)
 C - a wand of flame (24)
 H - a wand of scattershot (6)
 V - a wand of disintegration (15)
Scrolls
 d - 2 scrolls of teleportation
 e - 3 scrolls of blinking
 l - 7 scrolls of remove curse
 o - a scroll of identify
 p - 2 scrolls of fog
 D - a scroll of random uselessness {unknown}
 J - a scroll of torment {unknown}
 R - 2 scrolls of immolation {unknown}
 S - a scroll of acquirement {unknown}
 W - a scroll of amnesia {unknown}
 Y - a scroll of enchant armour {unknown}
Potions
 f - 2 potions of ambrosia
 g - a potion of flight
 k - a potion of haste {unknown}
 t - a potion of magic {unknown}
 u - 2 potions of berserk rage
 w - 3 potions of curing
 A - 2 potions of agility
 G - 2 potions of resistance
 I - a potion of degeneration {unknown}
 X - 2 potions of might {unknown}
 Z - 2 potions of brilliance {unknown}
Comestibles
 i - 4 chunks of flesh
 n - 5 rations


   Skills:
 + Level 9.2 Fighting
 + Level 11.8 Axes
 + Level 2.2(6.0) Slings
 + Level 8.0(8.1) Throwing
 + Level 5.9 Armour
 + Level 8.3 Dodging
 + Level 2.6 Stealth
 + Level 9.2 Shields
 + Level 0.7 Evocations


You had 10 spell levels left.
You didn't know any spells.

Dungeon Overview and Level Annotations

Branches:
Dungeon (8/15)             Temple (0/1) D:4            Lair (3/6) D:8
 Shoals (1/4) Lair:3       Spider (1/4) Lair:3

Altars:
Ashenzari
Makhleb
Ru
Yredelemnul

Annotations:
Shoals:1 Donald


Innate Abilities, Weirdness & Mutations

You reflexively headbutt those who attack you in melee.
You have a pair of horns on your head.
You have sharp toenails.
You passively map a small area around you.
Your system is resistant to poisons. (rPois)


Message History

Donald is lightly wounded.
Donald says, "I think I hate rivers, but I can't remember why."
Donald closely misses you. Donald blocks your attack. x2
Donald is lightly wounded.
Donald hits you with a vampiric scimitar!
Donald draws strength from your wounds! You block Donald's attack.
Donald blocks your attack.
You headbutt Donald, but do no damage.
Donald is lightly wounded.
Donald closely misses you. Donald blocks your attack. x2
Donald is lightly wounded.
You are feeling hungry.
Donald hits you with a vampiric scimitar!
Donald draws strength from your wounds! Donald blocks your attack.
Donald hits you with a vampiric scimitar!!
Donald says, "I bet you wish you could cast spells now, right?"
Donald hits you with a vampiric scimitar!!!
You die...

, ..≈≈≈≈...# .#*
##.≈≈≈≈≈..##
,..###..≈≈≈≈....#
,
≈.......≈≈≈....#
,
≈≈.....≈≈≈≈.....
≈≈..(...≈.....# ,
,
≈≈............##.
≈
≈......<≈.......,
..###..@@(((...$,
≈ ≈≈ ,
##....###.≈.. ≈ ,
#...%)# , .. ≈ ≈
≈.....≈≈....≈≈≈≈
≈≈≈...≈≈≈≈≈≈≈≈^@@
≈ ≈ ≈
≈≈≈≈≈≈≈≈≈≈≈≈≈≈≈≈≈
≈≈≈≈≈≈≈≈≈≈≈≈≈≈≈≈
≈ ≈
≈≈≈≈≈≈≈≈≈≈≈≈≈≈≈≈
≈≈≈≈≈≈≈≈≈≈≈≈≈≈≈≈


You could see Donald.

Vanquished Creatures
  Fannar (Lair:1)
  A manticore (Shoals:1)
  A merfolk siren (Shoals:1)
  2 black mambas
  4 spiny frogs
  3 komodo dragons
  A jumping spider (Lair:3)
  A hippogriff (D:8)
  Prince Ribbit (D:5)
  Sigmund (D:3)
  2 redbacks (Lair:3)
  6 yaks (Lair:3)
  3 steam dragons (D:6)
  A hungry ghost (D:7)
  4 water moccasins
  3 porcupines
  An orc warrior (D:6)
  2 sky beasts
  A phantom (D:7)
  3 black bears
  2 ice beasts
  9 wolves
  An ogre (D:5)
  6 centaurs
  5 crocodiles
  A big kobold (D:8)
  10 bullfrogs
  5 scorpions (D:5)
  5 wights (D:7)
  4 crimson imps
  A centaur zombie (D:3)
  A centaur skeleton (D:7)
  A jelly (D:8)
  6 orc priests
  A hound (D:8)
  Crazy Yiuf (D:3)
  A bullfrog skeleton (D:7)
  6 orc wizards
  An iguana (D:7)
  Ijyb (D:3)
  Terence (D:3)
  5 worker ants
  A howler monkey zombie (D:6)
  A gnoll (D:1)
  5 adders
  2 shadow imps (D:6)
  An ooze (D:2)
  7 dart slugs
  8 leopard geckos
  23 orcs
  5 giant cockroaches
  14 goblins
  5 hobgoblins
  14 kobolds
  2 quokkas
  4 ball pythons
  12 bats
  4 frilled lizards
  A quokka zombie (D:5)
  6 rats
  6 fungi
  3 plants
240 creatures vanquished.

Vanquished Creatures (collateral kills)
  Gastronok (Lair:1)
  A jumping spider (Lair:3)
  A hippogriff (Lair:3)
3 creatures vanquished.

Vanquished Creatures (others)
  3 fungi (D:5)
3 creatures vanquished.

Grand Total: 246 creatures vanquished

Notes
Turn   | Place    | Note
-------+----------+-------------------------------------------
     0 | D:1      | Osmon the Minotaur Berserker began the quest for the Orb.
     0 | D:1      | Reached XP level 1. HP: 19/19 MP: 0/0
    76 | D:1      | Reached skill level 4 in Axes
    76 | D:1      | Reached XP level 2. HP: 26/27 MP: 1/1
   226 | D:1      | Reached XP level 3. HP: 33/33 MP: 2/2
   331 | D:1      | Reached ** piety under Trog
  1198 | D:2      | Found a sacrificial altar of Ru.
  1623 | D:2      | Reached XP level 4. HP: 41/41 MP: 3/3
  1936 | D:3      | Found a runed door.
  1940 | D:3      | Noticed Crazy Yiuf
  1943 | D:3      | Killed Crazy Yiuf
  1996 | D:3      | Noticed Sigmund
  2015 | D:3      | Killed Sigmund
  2015 | D:3      | Reached skill level 5 in Fighting
  2015 | D:3      | Reached skill level 5 in Axes
  2015 | D:3      | Reached XP level 5. HP: 16/48 MP: 4/4
  2015 | D:3      | Reached XP level 6. HP: 19/56 MP: 5/5
  2064 | D:3      | Reached skill level 1 in Shields
  2221 | D:3      | Reached *** piety under Trog
  2250 | D:3      | Noticed Ijyb
  2260 | D:3      | Killed Ijyb
  2311 | D:3      | Noticed Terence
  2318 | D:3      | Killed Terence
  2515 | D:3      | Found a basalt altar of Yredelemnul.
  3103 | D:4      | Found a staircase to the Ecumenical Temple.
  3874 | D:5      | Entered Level 5 of the Dungeon
  3928 | D:5      | Reached skill level 6 in Axes
  3928 | D:5      | Reached XP level 7. HP: 61/61 MP: 6/6
  3998 | D:5      | Found a shattered altar of Ashenzari.
  4168 | D:5      | Noticed Prince Ribbit
  4188 | D:5      | Killed Prince Ribbit
  4518 | D:5      | Reached skill level 5 in Armour
  4518 | D:5      | Reached XP level 8. HP: 68/70 MP: 7/7
  4570 | D:5      | Reached skill level 1 in Stealth
  4784 | D:6      | Reached skill level 7 in Axes
  5062 | D:6      | Reached skill level 5 in Dodging
  5311 | D:6      | Reached skill level 8 in Axes
  5311 | D:6      | Reached XP level 9. HP: 61/75 MP: 8/8
  5325 | D:6      | Reached **** piety under Trog
  5408 | D:6      | Reached skill level 5 in Throwing
  5884 | D:7      | Reached skill level 5 in Shields
  6480 | D:8      | Found a burning altar of Makhleb.
  6557 | D:8      | Reached skill level 9 in Axes
  6640 | D:8      | Reached ***** piety under Trog
  6646 | D:8      | Found a staircase to the Lair.
  6767 | Lair:1   | Entered Level 1 of the Lair of Beasts
  6770 | Lair:1   | Noticed a black mamba
  6776 | Lair:1   | Killed a black mamba
  6776 | Lair:1   | Reached XP level 10. HP: 74/86 MP: 9/9
  6804 | Lair:1   | Noticed Gastronok
  6844 | Lair:1   | Killed Gastronok
  7043 | Lair:1   | Reached skill level 10 in Axes
  7596 | Lair:1   | Noticed Fannar
  7633 | Lair:1   | Killed Fannar
  7835 | Lair:2   | Received a gift from Trog
  7946 | Lair:2   | Reached XP level 11. HP: 94/94 MP: 10/10
  8710 | Lair:3   | Reached skill level 11 in Axes
  8710 | Lair:3   | Reached skill level 1 in Slings
  8908 | Lair:3   | Gained mutation: You are somewhat resistant to further mutation. [potion of mutation]
  8908 | Lair:3   | Gained mutation: You have large cloven feet. [potion of mutation]
  8909 | Lair:3   | Lost mutation: You have large cloven feet. [potion of mutation]
  8909 | Lair:3   | Lost mutation: You are somewhat resistant to further mutation. [potion of mutation]
  8909 | Lair:3   | Gained mutation: You have sharp toenails. [potion of mutation]
  8909 | Lair:3   | Gained mutation: Your system is resistant to poisons. (rPois) [potion of mutation]
  8909 | Lair:3   | Gained mutation: You passively map a small area around you. [potion of mutation]
  8945 | Lair:3   | Received a gift from Trog
  9069 | Lair:3   | Found a staircase to the Shoals.
  9125 | Lair:3   | Found a hole to the Spider Nest.
  9269 | Spider:1 | Entered Level 1 of the Spider Nest
  9390 | Shoals:1 | Entered Level 1 of the Shoals
  9405 | Shoals:1 | Noticed Donald
  9426 | Shoals:1 | Slain by Donald

Skill      XL: |  1  2  3  4  5  6  7  8  9 10 11 |
---------------+----------------------------------+-----
Fighting       | 4 5 6 7 8 9 |  9.2
Axes           | 4 5 6 8 9 10 11 | 11.8
Dodging        | 3 4 5 6 7 8 |  8.3
Throwing       | 2 3 4 6 7 8 |  8.0
Armour         | 3 4 5 |  5.9
Shields        | 1 2 4 6 7 9 |  9.2
Stealth        | 1 2 |  2.6
Slings         | 2 |  2.2
Evocations     | |  0.7

Action                   |  1- 3 |  4- 6 |  7- 9 | 10-12 || total
-------------------------+-------+-------+-------+-------++-------
Melee: Hand axe          |    61 |    83 |   241 |       ||   385
       Headbutt          |    12 |    10 |    75 |    55 ||   152
       War axe           |       |       |    45 |   210 ||   255
 Fire: Blowgun           |       |    16 |    10 |    51 ||    77
       Hunting sling     |       |       |       |    17 ||    17
Throw: Stone             |    28 |     7 |    18 |    30 ||    83
       Javelin           |    13 |    22 |       |       ||    35
       Tomahawk          |       |     1 |    68 |    17 ||    86
Invok: Berserk           |     2 |     3 |     7 |     7 ||    19
       Trog's Hand       |       |     2 |     2 |    10 ||    14
       Brothers in Arms  |       |       |       |     2 ||     2
       Burn Spellbooks   |       |       |       |     1 ||     1
Evoke: Wand              |       |       |       |     8 ||     8
  Use: Scroll            |       |    12 |     4 |     3 ||    19
       Potion            |       |       |     2 |     5 ||     7
 Stab: Sleeping          |       |       |     1 |       ||     1
  Eat: Ration            |     1 |     2 |     5 |     2 ||    10
       Chunk             |     1 |     3 |     2 |    11 ||    17
Armor: Animal skin       |    19 |       |       |       ||    19
       Ring mail         |       |    19 |    29 |       ||    48
       Steam dragon scal |       |       |    26 |    40 ||    66
Dodge: Dodged            |    31 |    17 |    69 |    77 ||   194
Block: Large shield      |     6 |    45 |   155 |   202 ||   408
